 Dungeon Crawl Stone Soup version 0.17-a0-1923-gc35365e (webtiles) character file.

8048 wvc the Impaler (level 11, -14/82 HPs)
             Began as a Yellow Draconian Fighter on Sept 28, 2015.
             Was a Priest of Okawaru.
             Demolished by Snorg (22 damage)
             ... on level 10 of the Dungeon.
             The game lasted 00:28:28 (12308 turns).

wvc the Impaler (Yellow Draconian Fighter)         Turns: 12308, Time: 00:28:28

Health: -14/82     AC: 10    Str: 21    XL:     11   Next: 4%
Magic:  10/11      EV: 16    Int:  9    God:    Okawaru [***...]
Gold:   539        SH: 11    Dex: 16    Spells: 0 memorised, 10 levels left

rFire  . . .     SeeInvis .     a - +1 trident
rCold  . . .     Clarity  +     (armour unavailable)
rNeg   . . .     SustAt   .     b - +0 shield
rPois  .         Gourm    .     (helmet restricted)
rElec  .         Spirit   .     y - +0 cloak
rCorr  +         Warding  .     r - +1 pair of gloves
rMut   .         Stasis   .     (no boots)
MR     .....                    g - amulet of clarity
Stlth  +++.......               s - +3 ring of dexterity
                                p - +2 ring of strength

@: short of breath, heroism, not resistant to hostile enchantments, fairly
stealthy
A: spit acid, acid resistance, unfitting armour, cold-blooded, AC +7
a: Spit Acid, Heroism, Renounce Religion


You were on level 10 of the Dungeon.
You worshipped Okawaru.
Okawaru was most pleased with you.
You were hungry.

You visited 2 branches of the dungeon, and saw 11 of its levels.

You collected 539 gold pieces.

Inventory:

Hand weapons
 a - a +1 trident (weapon)
Armour
 b - a +0 shield (worn)
 r - a +1 pair of gloves (worn)
 y - a +0 cloak (worn)
Jewellery
 g - an amulet of clarity (around neck)
 p - a +2 ring of strength (left hand)
 s - a +3 ring of dexterity (right hand)
 A - an uncursed ring of flight
Magical devices
 c - a wand of confusion (28)
 w - a wand of lightning (1)
Scrolls
 f - a scroll of recharging
 i - 3 scrolls of enchant weapon
 k - 4 scrolls of remove curse
 m - 2 scrolls of immolation
 u - 2 scrolls of amnesia
 x - a scroll of enchant armour
Potions
 e - a potion of magic
 j - 3 potions of curing
 l - a potion of degeneration {unknown}
 n - 3 potions of flight
 o - 2 potions of brilliance
 q - a potion of might
 z - a potion of agility {unknown}
Comestibles
 d - 9 bread rations
 h - 2 meat rations
 t - a chunk of flesh


   Skills:
 + Level 3.2(8.2) Fighting
 - Level 16.0(21.0) Polearms
 + Level 2.8(7.8) Dodging
 * Level 3.3(8.3) Shields
 - Level 1.3 Invocations
 + Level 0.6 Evocations


You had 10 spell levels left.
You didn't know any spells.

Dungeon Overview and Level Annotations

Branches:
Dungeon (10/15)            Temple (1/1) D:6
   Lair: D:8-11         Orc: D:9-12

Altars:
Ashenzari
Cheibriados
Dithmenos
Elyvilon
Fedhas
Gozag
Kikubaaqudgha
Makhleb
Nemelex Xobeh
Okawaru
Qazlal
Ru
Sif Muna
Trog
Vehumet
Xom
Yredelemnul
Zin
The Shining One

Annotations:
D:10 Snorg


Innate Abilities, Weirdness & Mutations

You can spit globs of acid.
You are resistant to acid.
Your golden yellow scales are hard (AC +7).
Your body does not fit into most forms of armour.
You are cold-blooded and may be slowed by cold attacks.


Message History

Okay, then.
You closely miss Snorg.
Your tail-slap misses Snorg.
Snorg is heavily wounded.
You have got your breath back.
You block Snorg's attack. x2
Snorg claws you!
You barely miss Snorg.
Your tail-slap misses Snorg.
Snorg is heavily wounded.
Snorg bites you!
* * * LOW HITPOINT WARNING * * *
Snorg closely misses you. You block Snorg's attack.
Use which ability?
Press: ? - help, Shift-Dir - straight line, f/p - Snorg
Aim: Snorg (heavily wounded, berserk, fast, unusually strong, covered in acid)
You spit a glob of acid.
The acid hits Snorg.
The acid corrodes Snorg!
Snorg is heavily wounded.
You feel somewhat more hungry. Snorg misses you. Snorg claws you!
* * * LOW HITPOINT WARNING * * *
Snorg claws you!!
You die...

##..............
##...............
##................
#.................
#.................
#.................
#.................
#.T...............
#@...............
#...............
#..............
#.............
#............
#...........
#..........
#.........


You could see Snorg (berserk).

Vanquished Creatures
  Erica (D:8)
  The ghost of graki42 the Thaumaturge, an experienced DECj of Vehumet (D:8)
  An unseen horror (D:9)
  Maurice (D:8)
  A troll (D:9)
  A merfolk (D:9)
  Grinder (D:4)
  The ghost of derrpe the Vexing, an average KoEn (D:4)
  Eustachio (D:6)
  5 yaks (D:9)
  A hippogriff (D:7)
  A necrophage (D:8)
  7 orc warriors
  A sky beast (D:5)
  A black bear (D:9)
  A phantom (D:6)
  5 ogres
  An ice beast (D:9)
  3 centaurs
  A big kobold (D:8)
  A crocodile (D:7)
  2 giant frogs
  11 killer bees
  4 scorpions
  4 wights (D:7)
  A crimson imp (D:6)
  A quasit (D:7)
  A giant frog zombie (D:5)
  2 jellies
  11 orc priests
  6 hounds
  A gnoll shaman (D:7)
  A centaur skeleton (D:9)
  3 iguanas
  2 worker ants
  14 orc wizards
  A worker ant zombie (D:7)
  14 adders
  13 gnolls
  3 shadow imps
  An ooze (D:2)
  An adder skeleton (D:6)
  3 worms
  51 orcs
  8 bats
  12 goblins
  5 hobgoblins
  12 kobolds
  7 quokkas
  A ball python (D:3)
  3 giant cockroaches
  A giant gecko (D:7)
  A giant gecko skeleton (D:4)
  A giant gecko zombie (D:8)
  4 giant newts
  13 jackals
  A jackal skeleton (D:7)
  6 rats
263 creatures vanquished.

Vanquished Creatures (others)
  A gnoll (D:8)
  A fulminant prism (D:8)
2 creatures vanquished.

Grand Total: 265 creatures vanquished

Notes
Turn   | Place    | Note
--------------------------------------------------------------
     0 | D:1      | wvc the Draconian Fighter began the quest for the Orb.
     0 | D:1      | Reached XP level 1. HP: 19/19 MP: 1/1
   507 | D:1      | Reached XP level 2. HP: 24/26 MP: 2/2
  1367 | D:2      | Reached XP level 3. HP: 31/31 MP: 3/3
  1454 | D:2      | Found a burning altar of Makhleb.
  1457 | D:2      | Found a glowing silver altar of Zin.
  1457 | D:2      | Noticed an angel
  1458 | D:2      | Noticed an Executioner
  1875 | D:2      | Reached skill level 4 in Polearms
  2223 | D:3      | Reached XP level 4. HP: 36/38 MP: 4/4
  2439 | D:3      | Reached skill level 5 in Polearms
  2439 | D:3      | Reached XP level 5. HP: 27/45 MP: 5/5
  2978 | D:4      | Noticed Grinder
  2991 | D:4      | Paralysed by Grinder for 3 turns
  3003 | D:4      | Killed Grinder
  3003 | D:4      | Reached skill level 7 in Polearms
  3003 | D:4      | Reached XP level 6. HP: 28/51 MP: 6/6
  3044 | D:4      | Noticed derrpe's ghost (average KoEn)
  3153 | D:4      | Killed derrpe's ghost
  3153 | D:4      | Your scales start taking on a golden yellow colour.
  3153 | D:4      | Reached XP level 7. HP: 52/57 MP: 7/7
  3363 | D:4      | Noticed an ogre
  3372 | D:4      | Killed an ogre
  3372 | D:4      | Reached skill level 8 in Polearms
  4325 | D:4      | Reached skill level 9 in Polearms
  4336 | D:5      | Entered Level 5 of the Dungeon
  4375 | D:5      | Found a stormy altar of Qazlal.
  4673 | D:5      | Reached XP level 8. HP: 6/63 MP: 8/8
  5072 | D:5      | Reached skill level 10 in Polearms
  5285 | D:6      | Found a basalt altar of Yredelemnul.
  5286 | D:6      | Found a shimmering altar of Xom.
  5286 | D:6      | Found a white marble altar of Elyvilon.
  5291 | D:6      | Found a glowing golden altar of the Shining One.
  5291 | D:6      | Found a stormy altar of Qazlal.
  5293 | D:6      | Found a snail-covered altar of Cheibriados.
  5294 | D:6      | Found a sacrificial altar of Ru.
  5387 | D:6      | Found a staircase to the Ecumenical Temple.
  5629 | Temple   | Entered the Ecumenical Temple
  6035 | D:6      | Reached skill level 11 in Polearms
  6449 | D:6      | Noticed Eustachio
  6518 | D:6      | Killed Eustachio
  6542 | D:6      | Found an iron altar of Okawaru.
  6571 | D:6      | Became a worshipper of Warmaster Okawaru
  6732 | D:7      | Reached XP level 9. HP: 53/70 MP: 9/9
  6823 | D:7      | Reached skill level 12 in Polearms
  6887 | D:7      | Acquired Okawaru's first power
  7968 | D:8      | Noticed graki42's ghost (experienced DECj)
  7982 | D:8      | Killed graki42's ghost
  7982 | D:8      | Reached skill level 13 in Polearms
  8176 | D:8      | Noticed Maurice
  8192 | D:8      | Killed Maurice
  8363 | D:8      | Reached XP level 10. HP: 67/77 MP: 10/10
  8454 | D:8      | Noticed Erica
  8470 | D:8      | Killed Erica
  8470 | D:8      | Reached skill level 14 in Polearms
  9265 | D:9      | Killed an unseen horror
  9610 | D:9      | Reached skill level 1 in Invocations
  9620 | D:9      | Reached skill level 15 in Polearms
 11470 | D:10     | Entered Level 10 of the Dungeon
 11625 | D:9      | Reached skill level 16 in Polearms
 11625 | D:9      | Reached XP level 11. HP: 62/82 MP: 9/11
 11783 | D:9      | Found a shadowy altar of Dithmenos.
 12267 | D:10     | Noticed Snorg
 12308 | D:10     | Demolished by Snorg

Vault maps used:
D:1:      shiori_shiawase
D:2:      grunt_temple_overflow_order_and_chaos_2
D:3:      first_bread
D:4:      uniq_grinder
D:5:      grunt_qazlal_sundering
D:6:      grunt_temple_overflow_open, okawaru_altar_gauntlet_db, temple_pool_b,
          minmay_item_behind_shaft, minmay_stone_trees_large, uniq_eustachio
D:8:      uniq_erica, uniq_maurice
D:9:      nicolae_dithmenos_through_a_glass_darkly, hangedman_fish_farm
D:10:     david_lair_generic, uniq_sonja, uniq_snorg
Temple:   jpeg_temple_alley_garden_8

Action                   |  1- 3 |  4- 6 |  7- 9 | 10-12 || total
-------------------------+-------+-------+-------+-------++-------
Melee: Trident           |   192 |    80 |   550 |   468 ||  1290
Invok: Heroism           |       |       |     1 |     8 ||     9
 Abil: Spit Acid         |       |       |     9 |    16 ||    25
Evoke: Wand              |       |       |     1 |       ||     1
  Use: Scroll            |    12 |     1 |     5 |     8 ||    26
       Potion            |       |       |     5 |     1 ||     6
 Stab: Sleeping          |     1 |       |     4 |       ||     5
       Distracted        |       |       |     1 |     1 ||     2
       Invisible         |       |       |     3 |       ||     3
       Fleeing           |       |       |       |     1 ||     1
  Eat: Chunk             |     3 |     2 |    15 |     9 ||    29
       Pizza             |     1 |       |       |     1 ||     2
       Meat ration       |       |       |     1 |     1 ||     2
